 Dungeon Crawl Stone Soup version 0.29-a0-575-g0dc89cf053 (webtiles) character file.

Game seed: 13541369567985352620

1955 jlumianski the Reanimator (level 8, 0/42 (56) HPs)
             Began as a Demonspawn Necromancer on June 12, 2022.
             Slain by a wight
             ... wielding a +3 dagger of freezing
              (5 damage)
             ... on level 4 of the Dungeon on June 13, 2022.
             The game lasted 00:52:44 (10047 turns).

jlumianski the Reanimator (Demonspawn Necromancer) Turns: 10047, Time: 00:52:45

HP:   0/42 (56)     AC:  7    Str:  9    XL:     8   Next: 99%
MP:   16/16         EV: 11    Int: 18    God:
Gold: 368           SH:  0    Dex: 20    Spells: 10/18 levels left

rFire   . . .      SeeInvis .   I - +0 trident
rCold   + . .      Faith    .   (no shield)
rNeg    . . .      Spirit   .   j - +0 ring mail
rPois   .          Reflect  .   u - +0 helmet
rElec   .          Harm     .   (no cloak)
rCorr   .          Rampage  .   (no gloves)
Will    .....                   (no boots)
Stlth   ++........              (no amulet)
HPRegen 0.14/turn               f - +6 ring of dexterity
MPRegen 0.15/turn               E - ring of protection from cold

@: very heavily drained
A: ignite blood 2, sharp scales 1
a: no special abilities


You were on level 4 of the Dungeon.
You visited 1 branch of the dungeon, and saw 6 of its levels.

You collected 368 gold pieces.

Inventory:

Hand Weapons
 n - a +0 dagger
 H - a +0 hand axe
 I - a +0 trident (weapon)
Missiles
 g - 5 poisoned darts
 o - 180 stones
 L - a boomerang (quivered)
Armour
 a - a +0 robe
 i - a +0 scale mail
 j - a +0 ring mail (worn)
 u - a +0 helmet (worn)
 F - an orb of guile
 K - an orb of mayhem
Magical Staves
 C - a staff of air
Jewellery
 f - a +6 ring of dexterity (left hand)
 s - a ring of see invisible
 y - an amulet of faith
 E - a ring of protection from cold (right hand)
Wands
 r - a wand of flame (18)
Scrolls
 m - a scroll of poison
 p - 2 scrolls of amnesia
 D - a scroll of magic mapping
Potions
 b - a potion of magic
 c - 2 potions of haste
 e - a potion of might
 h - 2 potions of brilliance
 k - 3 potions of curing
 l - a potion of heal wounds
 q - a potion of degeneration
 v - a potion of ambrosia {unknown}
 z - a potion of flight {unknown}
 A - a potion of cancellation
 J - a potion of lignification {unknown}


   Skills:
 + Level 2.2 Fighting
 - Level 1.3 Short Blades
 * Level 3.7 Polearms
 + Level 0.2 Throwing
 - Level 2.9 Armour
 + Level 2.7 Dodging
 + Level 2.2 Stealth
 + Level 0.1 Unarmed Combat
 + Level 5.9 Spellcasting
 * Level 8.9 Necromancy
 + Level 0.2 Evocations


You had 10 spell levels left.
You knew the following spells:

 Your Spells              Type           Power      Damage    Failure   Level
a - Necrotize             Necr           100%       1d9       1%          1
b - Vampiric Draining     Necr           37%        2d8       2%          3
c - Animate Dead          Necr           37%        N/A       9%          4

Your spell library contained the following spells:

 Spells                   Type           Power      Damage    Failure   Level
 Agony                    Necr           37%        N/A       22%         5
 Beastly Appendage        Tmut           10%        N/A       32%         1
 Wereblood                Tmut           5%         N/A       43%         2
 Anguish                  Hex/Necr       10%        N/A       45%         4
 Spider Form              Tmut/Pois      5%         N/A       67%         3
 Enfeeble                 Hex            2%         N/A       100%        7
 Chain Lightning          Conj/Air       2%         3d3       100%        9
 Fire Storm               Conj/Fire      2%         8d1       100%        9
 Shatter                  Erth           2%         3d6*      100%        9


Dungeon Overview and Level Annotations

Branches:
Dungeon (6/15)
 Temple: D:4-7

Altars:
Dithmenos
Sif Muna
Xom
Zin

Shops:
D:2 [

Annotations:
D:2 1 runed translucent door, Crazy Yiuf


Innate Abilities, Weirdness & Mutations

Your demonic aura often causes spilled blood to erupt in flames.
You are partially covered in razor-sharp scales. (AC +1, Slay +1)


Message History

Press: ? - help, Q - select action, (/) - cycle Shift-Dir - straight line, f - wight
Aim: a wight, wielding a +3 dagger of freezing and wearing a +0 robe (lightly damaged, 64% to hit)
You throw a boomerang. The boomerang barely misses the wight.
There is a stone staircase leading up here.
Throw: boomerang
Press: ? - help, Q - select action, (/) - cycle Shift-Dir - straight line, f/p - wight
Aim: a wight, wielding a +3 dagger of freezing and wearing a +0 robe (lightly damaged, 64% to hit)
You throw a boomerang. The boomerang closely misses the wight.
The boomerang hits the wight.
The wight is heavily damaged.
The wight hits you with a +3 dagger of freezing.
The wight freezes you.
You climb upwards.
There is a stone staircase leading down here.
Aiming: Throw Flame
Press: ? - help, Shift-Dir - straight line, f - wight
Aim: a wight, wielding a +3 dagger of freezing and wearing a +0 robe (lightly damaged, 68% to hit)
The puff of flame misses the wight.
The wight closely misses you.
Aiming: Throw Flame
Press: ? - help, Shift-Dir - straight line, f/p - wight
Aim: a wight, wielding a +3 dagger of freezing and wearing a +0 robe (lightly damaged, 68% to hit)
The puff of flame hits the wight.
The wight is lightly damaged.
The wight misses you.
You closely miss the wight.
The wight is lightly damaged.
The wight hits you with a +3 dagger of freezing!
* * * LOW HITPOINT WARNING * * *
The wight freezes you.
* * * LOW HITPOINT WARNING * * *
The wight attacks as you move away!
The wight hits you with a +3 dagger of freezing.
* * * LOW HITPOINT WARNING * * *
The wight attacks as you move away!
The wight hits you with a +3 dagger of freezing.
* * * LOW HITPOINT WARNING * * *
You feel drained. The wight attacks as you move away!
The wight hits you with a +3 dagger of freezing.
You die...

#.#.# #Z####.......#........
#.#.# #....'.......+.#'#####
#.#.# ######.......###......
#####+#.# #.#..........#......
#.......# #..........[.#......
#.......### #.#.####...###......
#.......#.. #.#.#..'...[........
##.......#.#
#.#.#.##...####.....
.....#+#.#.# #.#@#.##...# #.....
####'#.#.#.###.#z#.##...# #.....
#.....#.#.....#.#.##...#########
#.....#.#.#####.#.##.).......#
#....†#....>....#.####.......#
###+#.###########.# #.......#
#.......# #.# #########
###.###.# #.# ######.# #.# #.#


You could see a wight.

Vanquished Creatures
  Sigmund (D:3)
  Duvessa (D:5)
  A water moccasin (D:6)
  2 black bears
  An orc warrior (D:6)
  A centaur (D:5)
  2 phantoms (D:4)
  3 scorpions
  2 necrophages
  A wight (D:6)
  Dowan (D:5)
  A hound (D:4)
  A jelly (D:5)
  An orc priest (D:6)
  Jessica (D:2)
  3 iguanas
  Natasha (D:2)
  4 orc wizards
  Robin (D:2)
  3 adders
  An elf zombie (D:5)
  A white imp (D:6)
  An ufetubus (D:4)
  A jelly zombie (D:5)
  A worm (D:3)
  4 dart slugs
  9 orcs
  7 ball pythons
  5 bats
  8 endoplasms
  2 giant cockroaches
  9 goblins
  14 hobgoblins
  4 jackals (D:1)
  3 quokkas
  5 frilled lizards
  5 kobolds
  2 orc zombies
  3 rats
117 creatures vanquished.

Vanquished Creatures (collateral kills)
  A black bear (D:5)
  A centaur (D:6)
  A jelly (D:6)
  An adder (D:4)
  A white imp (D:6)
  2 dart slugs
  An orc (D:4)
  2 hobgoblins
  3 jackals (D:1)
  A rat (D:2)
14 creatures vanquished.

Vanquished Creatures (others)
  A jelly zombie (D:6)
  A ball python zombie (D:4)
  A hobgoblin zombie (D:4)
  3 orc zombies
  14 plants (D:6)
20 creatures vanquished.

Grand Total: 151 creatures vanquished

Notes
Turn   | Place    | Note
-------+----------+-------------------------------------------
     0 | D:1      | jlumianski the Demonspawn Necromancer began the quest for
                  | the Orb.
     0 | D:1      | Reached XP level 1. HP: 13/13 MP: 3/3
   250 | D:4      | Noticed a necrophage
   444 | D:1      | Gained mutation: Your demonic aura sometimes causes spilled
                  | blood to erupt in flames. [demonic ancestry]
   444 | D:1      | Reached XP level 2. HP: 19/19 MP: 0/5
  1546 | D:2      | Reached XP level 3. HP: 24/24 MP: 2/6
  1685 | D:1      | Reached skill level 5 in Necromancy
  2388 | D:2      | Noticed Jessica
  2396 | D:2      | Killed Jessica
  2397 | D:2      | Reached XP level 4. HP: 30/30 MP: 6/8
  2562 | D:2      | Found Neoluok's Armour Shoppe.
  2585 | D:3      | Noticed Sigmund
  2769 | D:2      | Found a runed translucent door.
  2770 | D:2      | Noticed Crazy Yiuf
  2809 | D:2      | Noticed Robin
  2865 | D:2      | Killed Robin
  3247 | D:3      | Noticed Natasha
  3271 | D:2      | Killed Natasha
  3272 | D:2      | Reached XP level 5. HP: 18/35 MP: 2/10
  3990 | D:3      | Killed Sigmund
  3991 | D:3      | Reached skill level 1 in Armour
  3991 | D:3      | Reached skill level 6 in Necromancy
  3991 | D:3      | Gained mutation: Your demonic aura often causes spilled
                  | blood to erupt in flames. [demonic ancestry]
  3991 | D:3      | Reached XP level 6. HP: 41/41 MP: 5/12
  4074 | D:3      | Learned a level 3 spell: Vampiric Draining
  4079 | D:3      | Learned a level 4 spell: Animate Dead
  4481 | D:5      | Entered Level 5 of the Dungeon
  4975 | D:4      | Reached XP level 7. HP: 29/47 MP: 13/13
  5456 | D:4      | Reached skill level 1 in Short Blades
  5610 | D:4      | Found a shimmering blue altar of Sif Muna.
  6112 | D:4      | Reached skill level 7 in Necromancy
  6245 | D:4      | Found a shadowy altar of Dithmenos.
  6677 | D:5      | Noticed Dowan
  6679 | D:5      | Noticed Duvessa
  6921 | D:5      | Killed Duvessa
  6922 | D:5      | Reached skill level 5 in Spellcasting
  6925 | D:5      | Your ally Duvessa died
  6932 | D:5      | Killed Dowan
  7194 | D:5      | Gained mutation: You are partially covered in razor-sharp
                  | scales. (AC +1, Slay +1) [demonic ancestry]
  7194 | D:5      | Reached XP level 8. HP: 42/53 MP: 15/15
  7365 | D:5      | Reached skill level 1 in Fighting
  7514 | D:5      | Reached skill level 1 in Polearms
  7514 | D:5      | Reached skill level 8 in Necromancy
  9729 | D:6      | Found a shimmering altar of Xom.
 10047 | D:4      | Slain by a wight

Illustrated notes

Levels and vault maps discovered:
D:1:      lordsloth_arrival_two_stooges, layout_basic
D:2:      cheibrodos_greedy_goblins, layout_basic, serial_shops,
          nicolae_shop_stone, uniq_robin, uniq_crazy_yiuf_cottage, uniq_jessica
D:3:      layout_rooms, serial_glass, glass_columns_a, glass_columns_a,
          glass_columns_a, glass_columns_c, glass_columns_b, glass_columns_c,
          glass_columns_a, glass_columns_a, glass_columns_c, glass_columns_c,
          glass_columns_a, glass_columns_b, glass_columns_a, glass_columns_b,
          uniq_natasha, uniq_sigmund
D:4:      layout_basic, nicolae_dithmenos_shadow_blocks, led_sif_book
D:5:      layout_cave_pods, uniq_duvessa
D:6:      kennysheep_windowed_halls, layout_basic, amcnicky_altar_gilded,
          lemuel_crystal_altar, serial_bayou, serial_bayou_shore_a,
          serial_bayou_crossing, serial_bayou_pond_c, serial_bayou_pond_b,
          st_stairs_1, grunt_ministairs_15, minivault_11,
          minmay_misc_feat_secret_circle

Skill      XL: |  1  2  3  4  5  6  7  8 |
---------------+-------------------------+-----
Stealth        | 2 |  2.2
Necromancy     | 5 6 7 8 |  8.9
Spellcasting   | 3 4 5 |  5.9
Dodging        | 2 |  2.7
Armour         | 1 2 |  2.9
Short Blades   | 1 |  1.3
Fighting       | 2 |  2.2
Polearms       | 3 |  3.7
Throwing       | |  0.2
Unarmed Combat | |  0.1
Evocations     | |  0.2

Action                   |  1- 3 |  4- 6 |  7- 9 || total
-------------------------+-------+-------+-------++-------
Melee: Unarmed           |    22 |       |       ||    22
       Punch             |     2 |     1 |     3 ||     6
       Dagger            |    23 |    73 |    90 ||   186
       Trident           |       |       |   115 ||   115
Throw: Stone             |       |     3 |     1 ||     4
       Boomerang         |       |       |     5 ||     5
       Dart              |       |       |     4 ||     4
 Cast: Necrotize         |    63 |    59 |    66 ||   188
       Animate Dead      |       |     1 |    15 ||    16
       Vampiric Draining |       |     1 |     4 ||     5
Evoke: Wand              |       |     4 |     2 ||     6
  Use: Potion            |       |     3 |     2 ||     5
       Scroll            |       |       |    10 ||    10
 Stab: Distracted        |       |       |     1 ||     1
       Sleeping          |       |       |     1 ||     1
Armor: Robe              |     4 |       |       ||     4
       Ring mail         |    36 |    41 |    98 ||   175
Dodge: Dodged            |    48 |    46 |   166 ||   260

Table legend: (Time is in decaauts)
 A = Elapsed time spent in this place.
 B = Non-inter-level travel time spent in this place.
 C = Inter-level travel time spent in this place.
 D = Time resting spent in this place.
 E = Time spent auto-exploring this place.
 F = Levels seen in this place.
 G = Mean time per level.
                   A        B        C        D        E       F      G
               +--------+--------+--------+--------+--------+-----+--------+
         Total |  10071 |   9946 |    125 |   1812 |   5308 |   6 | 1678.5 |
       Dungeon |  10071 |   9946 |    125 |   1812 |   5308 |   6 | 1678.5 |
               +--------+--------+--------+--------+--------+-----+--------+

Top non-repeatable levels by time:
     D:4: 2479 daAuts
     D:1: 1974 daAuts
     D:5: 1740 daAuts
     D:2: 1601 daAuts
     D:6: 1390 daAuts
     D:3: 885 daAuts
